 Dungeon Crawl Stone Soup version 0.22.0-27-ga576289 (webtiles) character file.

9636 harcile the Severer (level 11, -2/97 HPs)
             Began as a Hill Orc Berserker on Aug 19, 2018.
             Was a High Priest of Trog.
             Succumbed to an orange demon's poison
             ... on level 2 of the Orcish Mines on Aug 22, 2018.
             The game lasted 00:36:23 (9211 turns).

harcile the Severer (Hill Orc Berserker)            Turns: 9211, Time: 00:36:24

Health: -2/97      AC: 19    Str: 23    XL:     11   Next: 49%
Magic:  11/11      EV:  8    Int:  7    God:    Trog [*****.]
Gold:   722        SH:  5    Dex: 13    Spells: 10/10 levels left

rFire    + . .     SeeInvis .   a - +4 battleaxe (elec)
rCold    . . .     Gourm    .   (shield currently unavailable)
rNeg     . . .     Faith    .   i - +1 plate armour
rPois    .         Spirit   .   e - +2 helmet
rElec    .         Reflect  +   d - scarf {cloud immunity}
rCorr    +         Harm     .   G - +0 pair of gloves
MR       .....                  (no boots)
Stlth    ..........             h - +5 amulet of reflection
HPRegen  0.26/turn              N - ring of resist corrosion
MPRegen  0.12/turn              O - ring of flight

@: lethally poisoned (-2 -> -39), berserk cooldown, slowed, very slow
A: agile 1, blurry vision 1, fire resistance 1
a: Berserk, Trog's Hand, Brothers in Arms, Renounce Religion, Convert to Beogh,
Evoke Flight


You were on level 2 of the Orcish Mines.
You worshipped Trog.
Trog was extremely pleased with you.
You were hungry.

You visited 3 branches of the dungeon, and saw 13 of its levels.
You also visited: Sewer.

You collected 917 gold pieces.
You spent 195 gold pieces at shops.

Inventory:

Hand Weapons
 a - a +4 battleaxe of electrocution (weapon)
 b - the +10 short sword of Defilement {antimagic, Int+3 Dex+7}
   (You found it on level 7 of the Dungeon)

   It reduces the magical energy of the wielder, and disrupts the spells and
   magical abilities of those hit.
   Natural abilities and divine invocations are not affected.
   It affects your intelligence (+3).
   It affects your dexterity (+7).
 g - a +0 dire flail
 n - a +0 scythe
 v - a +0 war axe
 A - a +3 scimitar of freezing
 E - a +4 mace of freezing
 K - a +0 scimitar of flaming
Armour
 d - a scarf of cloud immunity (worn)
 e - a +2 helmet (worn)
 i - a +1 plate armour (worn)
 G - a +0 pair of gloves (worn)
 L - a +4 chain mail of cold resistance
 P - a +0 shield
 Q - a cursed -2 ring mail
Jewellery
 h - a +5 amulet of reflection (around neck)
 y - an uncursed amulet of the acrobat {unknown}
 N - a ring of resist corrosion (left hand)
 O - a ring of flight (right hand)
Wands
 w - a wand of random effects (22)
 C - a wand of disintegration (6)
 F - a wand of polymorph (11)
Scrolls
 f - 6 scrolls of remove curse
 j - 13 scrolls of identify
 k - 9 scrolls of teleportation
 p - 3 scrolls of enchant armour
 u - 2 scrolls of fog
 B - a scroll of fear
 H - a scroll of blinking
 I - a scroll of amnesia {unknown}
 J - a scroll of magic mapping
Potions
 l - 2 potions of curing {unknown}
 o - 2 potions of ambrosia {unknown}
 q - a potion of might {unknown}
 r - a potion of magic {unknown}
 s - 3 potions of mutation
 x - 2 potions of brilliance {unknown}
 z - 6 potions of flight
 D - 2 potions of degeneration {unknown}
Miscellaneous
 t - a lamp of fire
Comestibles
 c - 18 rations
 M - 17 chunks of flesh


   Skills:
 + Level 9.0 Fighting
 * Level 16.8 Axes
 * Level 9.1 Armour
 + Level 3.6 Dodging
 + Level 1.2 Stealth


You had 10 spell levels left.
You didn't know any spells.
Your spell library contained the following spells:

 Spells                   Type           Power        Failure   Level  Hunger
 Magic Dart               Conj           #...         99%         1    ##.....
 Blink                    Tloc           N/A          100%        2    ###....
 Call Imp                 Summ           #.......     100%        2    ###....
 Slow                     Hex            #.......     100%        2    ###....
 Conjure Flame            Conj/Fire      #.......     100%        3    ####...
 Mephitic Cloud           Conj/Pois/Air  #.......     100%        3    ####...


Dungeon Overview and Level Annotations

Branches:
Dungeon (10/15)            Temple (1/1) D:5             Orc (2/2) D:10
    Elf (0/3) Orc:2
   Lair: D:8-11

Altars:
Ashenzari
Cheibriados
Dithmenos
Elyvilon
Fedhas
Gozag
Hepliaklqana
Kikubaaqudgha
Makhleb
Nemelex Xobeh
Okawaru
Qazlal
Ru
Sif Muna
Trog
Uskayaw
Vehumet
Wu Jian
Xom
Yredelemnul
Zin
The Shining One

Shops:
D:4 }   D:7 *   D:10 }   Orc:1 :}   Orc:2 (


Innate Abilities, Weirdness & Mutations

You are agile. (Dex +2)
Scrolls take you a little longer to read.
Your flesh is heat resistant. (rF+)


Message History

The orange demon poisons you!
You feel much better.
You feel very sick.
The orc high priest hits you but does no damage.
The orc hits you but does no damage. You block the red devil's attack.
The orange demon stings you from afar!
* * * LOW HITPOINT WARNING * * *
You are lethally poisoned!
The orange demon poisons you! The orc hits you but does no damage.
Okay, then.
Really read with blurry vision while enemies are nearby?
* * * LOW HITPOINT WARNING * * *
You feel very sick. You block the orc's attack.
You block the orc high priest's attack.
The red devil hits you from afar with a trident!
* * * LOW HITPOINT WARNING * * *
The orange demon stings you but does no damage.
The orc barely misses you.
You begin reading the scroll.
You continue reading the scroll.
You die...

....##....
.........
#........
##.......
###......#
##.<......#
#.....>..##
##.....)))#
####..@)4#
#...oooo....
##...4h.....
#...#.#....#
##...∩....##
##.#.#....#
#........#
... . ..


You could see an orc high priest, an orange demon, a warg, a red devil, an orc
priest and 2 orcs.

Vanquished Creatures
  A two-headed ogre (D:10)
  Erica (D:10)
  A gargoyle (D:9)
  A troll (Orc:2)
  Grinder (D:5)
  A hornet (D:7)
  A hippogriff (D:9)
  Sigmund (D:2)
  6 yaks
  A wyvern (D:9)
  2 vampires
  A hungry ghost (D:9)
  5 wargs
  3 water moccasins
  Duvessa (D:6)
  4 orc warriors
  An eye of draining (D:10)
  2 phantoms
  An ice beast (D:10)
  8 ogres
  A centaur (D:9)
  4 big kobolds
  Blork the orc (D:6)
  8 bullfrogs
  Dowan (D:6)
  A scorpion (D:9)
  8 wights
  4 electric eels (D:6)
  4 howler monkeys
  2 crimson imps
  A centaur zombie (D:4)
  A quasit (D:10)
  3 hounds (D:9)
  2 jellies
  10 orc priests
  8 orc wizards
  4 bullfrog skeletons
  A centaur skeleton (D:10)
  Terence (D:2)
  Natasha (thrice) (D:3)
  4 worker ants
  A hound skeleton (D:4)
  A worker ant zombie (D:7)
  3 gnolls (D:9)
  16 adders
  A river rat (Sewer)
  3 shadow imps
  5 oozes
  An adder skeleton (D:4)
  4 worms
  3 dart slugs
  2 leopard geckos
  39 orcs
  5 giant cockroaches
  3 hobgoblins
  9 jackals
  24 kobolds
  7 quokkas
  3 ball pythons
  6 bats
  A frilled lizard (D:4)
  7 goblins
  A leopard gecko skeleton (D:4)
  A quokka skeleton (D:7)
  2 quokka zombies
  10 rats
273 creatures vanquished.

Vanquished Creatures (others)
  A centaur (D:9)
  An adder (D:6)
2 creatures vanquished.

Grand Total: 275 creatures vanquished

Notes
Turn   | Place    | Note
-------+----------+-------------------------------------------
     0 | D:1      | harcile the Hill Orc Berserker began the quest for the Orb.
     0 | D:1      | Reached XP level 1. HP: 19/19 MP: 1/1
   192 | D:1      | Reached XP level 2. HP: 26/27 MP: 2/2
   551 | D:1      | Reached XP level 3. HP: 31/33 MP: 3/3
   955 | D:2      | Noticed Sigmund
   972 | D:2      | Killed Sigmund
   972 | D:2      | Reached skill level 5 in Fighting
   972 | D:2      | Reached skill level 6 in Axes
   972 | D:2      | Reached XP level 4. HP: 31/42 MP: 4/4
   972 | D:2      | Reached XP level 5. HP: 35/48 MP: 5/5
  1355 | D:2      | Noticed Terence
  1365 | D:2      | Killed Terence
  1366 | D:2      | Reached XP level 6. HP: 56/56 MP: 6/6
  1519 | D:3      | Reached ** piety under Trog
  1681 | D:3      | Noticed Natasha
  1686 | D:3      | Killed Natasha
  1760 | D:3      | Noticed Natasha
  1767 | D:3      | Killed Natasha
  1862 | D:3      | Noticed Natasha
  1870 | D:3      | Killed Natasha
  2190 | D:4      | Found Retiab's Gadget Shop.
  2229 | D:4      | Reached skill level 7 in Axes
  2298 | D:4      | Reached XP level 7. HP: 62/62 MP: 7/7
  2536 | D:4      | Noticed a moth of wrath
  2539 | D:4      | Found a bloodstained altar of Trog.
  2648 | D:5      | Entered Level 5 of the Dungeon
  2715 | D:5      | Noticed Grinder
  2729 | D:5      | Killed Grinder
  2821 | D:5      | Found a glowing drain.
  2831 | D:5      | Reached *** piety under Trog
  2842 | Sewer    | Entered a sewer
  3036 | Sewer    | Reached XP level 8. HP: 63/71 MP: 8/8
  3079 | Sewer    | Reached skill level 8 in Axes
  3114 | Sewer    | Reached skill level 5 in Armour
  3339 | D:5      | Reached skill level 9 in Axes
  3340 | D:5      | Found a staircase to the Ecumenical Temple.
  4047 | D:6      | Noticed Duvessa
  4054 | D:6      | Killed Duvessa
  4058 | D:6      | Noticed Dowan
  4076 | D:6      | Killed Dowan
  4076 | D:6      | Reached skill level 10 in Axes
  4164 | D:6      | Noticed Blork the orc
  4170 | D:6      | Killed Blork the orc
  4170 | D:6      | Reached skill level 1 in Stealth
  4170 | D:6      | Reached XP level 9. HP: 79/79 MP: 9/9
  4233 | D:6      | Reached **** piety under Trog
  4235 | D:6      | Reached skill level 11 in Axes
  5112 | D:7      | Got an ancient short sword
  5176 | D:7      | Identified the +10 short sword of Defilement {antimagic, Int+3 Dex+7} (You found it on level 7 of the Dungeon)
  5323 | D:7      | Reached skill level 12 in Axes
  5518 | D:7      | Found Memon's Merry Market.
  5526 | D:7      | Bought 2 potions of mutation for 160 gold pieces
  5526 | D:7      | Bought a scroll of magic mapping for 35 gold pieces
  5526 | D:7      | Gained mutation: Your flesh is heat resistant. (rF+) [potion of mutation]
  5526 | D:7      | Gained mutation: Scrolls take you a little longer to read. [potion of mutation]
  5526 | D:7      | Gained mutation: You are agile. (Dex +2) [potion of mutation]
  5684 | D:7      | Noticed a hornet
  5694 | D:7      | Killed a hornet
  5894 | D:7      | You fall through a shaft!
  5901 | D:8      | Reached ***** piety under Trog
  6834 | Temple   | Entered the Ecumenical Temple
  7216 | D:9      | Reached skill level 13 in Axes
  7303 | D:9      | Reached XP level 10. HP: 88/88 MP: 10/10
  7360 | D:9      | Noticed a gargoyle
  7372 | D:9      | Killed a gargoyle
  7410 | D:9      | Reached skill level 14 in Axes
  7752 | D:9      | Received a gift from Trog
  8152 | D:10     | Entered Level 10 of the Dungeon
  8152 | D:10     | Noticed Erica
  8159 | D:10     | Killed Erica
  8172 | D:10     | Noticed a two-headed ogre
  8197 | D:10     | Killed a two-headed ogre
  8197 | D:10     | Reached skill level 15 in Axes
  8197 | D:10     | Reached XP level 11. HP: 17/95 MP: 11/11
  8632 | D:10     | Reached skill level 16 in Axes
  8794 | D:10     | Found Naremn's Gadget Boutique.
  8797 | D:10     | Upgraded the game from 0.22.0-21-g8bd1b0a to 0.22.0-27-ga576289
  8844 | D:10     | Found a staircase to the Orcish Mines.
  8972 | Orc:1    | Entered Level 1 of the Orcish Mines
  8972 | Orc:1    | Found Mate's Gadget Shop.
  8972 | Orc:1    | Found Mommagha's Book Boutique.
  9176 | Orc:2    | Entered Level 2 of the Orcish Mines
  9176 | Orc:2    | Found a staircase to the Elven Halls.
  9176 | Orc:2    | Found Hudwet's Weapon Shoppe.
  9180 | Orc:2    | Noticed an orc high priest
  9206 | Orc:2    | HP: 3/97 [orange demon[an orc high priest] (7)]
  9211 | Orc:2    | Succumbed to an orange demon's poison

Skill      XL: |  1  2  3  4  5  6  7  8  9 10 11 |
---------------+----------------------------------+-----
Fighting       | 4 5 6 7 8 9 |  9.0
Axes           | 6 7 10 13 15 16 | 16.8
Dodging        | 2 3 |  3.6
Armour         | 3 4 5 7 8 9 |  9.1
Stealth        | 1 |  1.2

Action                   |  1- 3 |  4- 6 |  7- 9 | 10-12 || total
-------------------------+-------+-------+-------+-------++-------
Melee: Hand axe          |    58 |    58 |       |       ||   116
       Morningstar       |       |    75 |    58 |       ||   133
       War axe           |       |       |   410 |    92 ||   502
       Battleaxe         |       |       |       |   145 ||   145
Invok: Berserk           |     3 |     6 |    14 |     5 ||    28
  Use: Scroll            |       |       |     7 |     5 ||    12
       Potion            |       |       |     2 |     5 ||     7
 Stab: Sleeping          |       |     1 |       |       ||     1
  Eat: Chunk             |     1 |    12 |    19 |     8 ||    40
       Ration            |       |       |     3 |     1 ||     4
Armor: Animal skin       |    19 |     9 |       |       ||    28
       Ring mail         |       |    22 |       |       ||    22
       Plate armour      |       |    10 |   228 |   141 ||   379
Dodge: Dodged            |    35 |    81 |   139 |    75 ||   330
Block: Other             |       |     9 |    95 |    53 ||   157
       Reflection        |       |       |     1 |     6 ||     7
